 Dungeon Crawl Stone Soup version 0.29-a0-352-g0917bc69df (webtiles) character file.

Game seed: 10772146540012285446

3108 sokol815 the Arsonist (level 9, -2/56 HPs)
             Began as an Octopode Fire Elementalist on Apr 24, 2022.
             Was an Initiate of Gozag.
             Slain by a boulder beetle (28 damage)
             ... on level 8 of the Dungeon.
             The game lasted 00:30:12 (11410 turns).

sokol815 the Arsonist (Octopode Fire Elementalist) Turns: 11410, Time: 00:30:13

Health: -2/56      AC:  5    Str:  8    XL:     9   Next: 90%
Magic:  3/15       EV: 13    Int: 21    God:    Gozag
Gold:   115        SH:  0    Dex: 12    Spells: 5/16 levels left

rFire   + + .      SeeInvis .   c - +0 short sword (spect)
rCold   x . .      Faith    .   (no shield)
rNeg    . . .      Spirit   .   (helmet restricted)
rPois   .          Reflect  .   (no amulet)
rElec   .          Harm     .   W - ring of willpower
rCorr   .          Rampage  .   f - ring of fire {rF+, rC-}
Will    +....                   F - ring of protection from fire {rF+, !d}
Stlth   ++++......              A - +4 ring of protection
HPRegen 0.18/turn               (no ring)
MPRegen 0.14/turn               (no ring)
                                (no ring)
                                (no ring)

@: no status effects
A: almost no armour, amphibious, 8 rings, camouflage 1, gelatinous body 1,
(nimble swimmer 1), tentacles
a: Renounce Religion, Potion Petition, Call Merchant, Bribe Branch


You were on level 8 of the Dungeon.
You worshipped Gozag.
Gozag was aware of your devotion.
You visited 2 branches of the dungeon, and saw 9 of its levels.
You also visited: Sewer.

You collected 710 gold pieces.
You spent 445 gold pieces at shops.
You paid 150 gold pieces to Gozag.

Inventory:

Hand Weapons
 a - a +4 vorpal flail
   (You took it off Edmund on level 5 of the Dungeon)
 c - a +0 spectral short sword (weapon)
   (You took it off a kobold on level 1 of the Dungeon)
 l - a +0 trident of venom
   (You took it off an orc on level 3 of the Dungeon)
Missiles
 g - a throwing net {!d}
 k - 11 poisoned darts
 s - 323 stones
 t - 8 boomerangs
Magical Staves
 b - a staff of fire {rF+}
   (You found it on level 1 of the Dungeon)
 d - a staff of cold {rC+}
   (You found it on level 4 of the Dungeon)
Jewellery
 f - a ring of fire (right tentacle) {rF+, rC-}
   (You found it on level 2 of the Dungeon)
 A - a +4 ring of protection (on tentacle)
   (You bought it in a shop on level 1 of the Dungeon)
 F - a ring of protection from fire (on tentacle) {rF+, !d}
   (You found it on level 7 of the Dungeon)
 W - a ring of willpower (left tentacle)
   (You found it on level 1 of the Dungeon)
Wands
 i - a wand of iceblast (6)
   (You found it on level 4 of the Dungeon)
 j - a wand of polymorph (7)
   (You found it on level 7 of the Dungeon)
Scrolls
 e - 3 scrolls of enchant weapon
 p - 2 scrolls of amnesia
 q - 2 scrolls of enchant armour
 K - a scroll of immolation {!r}
 O - a scroll of silence
 X - 3 scrolls of magic mapping {@r4!r}
 Y - 4 scrolls of teleportation {@r3}
Potions
 h - a potion of lignification {unknown}
 m - 2 potions of attraction {!q}
 n - a potion of might {unknown}
 o - a potion of ambrosia {unknown}
 J - 6 potions of curing {@q1}
 M - 2 potions of magic
 T - a potion of berserk rage {!q}
 U - a potion of mutation {!q}


   Skills:
 - Level 3.0 Fighting
 - Level 1.2 Short Blades
 - Level 2.0 Maces & Flails
 - Level 2.0 Dodging
 - Level 6.0 Stealth
 - Level 4.0 Spellcasting
 - Level 8.0 Conjurations
 * Level 0.0 Hexes
 + Level 9.0 Fire Magic


You had 5 spell levels left.
You knew the following spells:

 Your Spells              Type           Power      Damage    Failure   Level
a - Foxfire               Conj/Fire      100%       2x1d9     1%          1
b - Flame Wave            Conj/Fire      56%        2d11      3%          4
c - Inner Flame           Hex/Fire       34%        N/A       5%          3
d - Conjure Flame         Conj/Fire      56%        6-21      1%          3

Your spell library contained the following spells:

 Spells                   Type           Power      Damage    Failure   Level
 Scorch                   Fire           100%       2d10      1%          2
 Animate Skeleton         Necr           8%         N/A       12%         1
 Beastly Appendage        Tmut           8%         N/A       12%         1
 Pain                     Necr           16%        1d4       12%         1
 Corpse Rot               Necr/Air       8%         N/A       19%         2
 Wereblood                Tmut           4%         N/A       19%         2
 Confusing Touch          Hex            4%         N/A       34%         3
 Frozen Ramparts          Ice            8%         1d2       34%         3
 Ozocubu's Armour         Ice            4%         N/A       34%         3
 Spider Form              Tmut/Pois      4%         N/A       34%         3
 Vampiric Draining        Necr           4%         2d6       34%         3
 Dispel Undead            Necr           4%         3d7       75%         4
 Ice Form                 Ice/Tmut       4%         N/A       75%         4
 Summon Ice Beast         Ice/Summ       4%         N/A       75%         4
 Yara's Violent Unravell  Hex/Tmut       2%         3d3       97%         5
 Death Channel            Necr           2%         N/A       100%        6
 Enfeeble                 Hex            2%         N/A       100%        7
 Ozocubu's Refrigeration  Ice            2%         4d5       100%        7


Dungeon Overview and Level Annotations

Branches:
Dungeon (8/15)             Temple (1/1) D:7           Sewer (visited)
   Lair: D:8-11

Altars:
Ashenzari
Cheibriados
Dithmenos
Elyvilon
Fedhas
Gozag
Hepliaklqana
Kikubaaqudgha
Makhleb
Okawaru
Qazlal
Ru
Sif Muna
Trog
Vehumet
Wu Jian
Xom
Yredelemnul
Zin
The Shining One

Shops:
D:1 ((=*

Annotations:
D:5 Pikel
D:7 exclusions: downstairs and hydra
D:8 Gastronok


Innate Abilities, Weirdness & Mutations

You cannot wear most types of armour.
You are amphibious.
You can wear up to eight rings at the same time.
Your skin changes colour to match your surroundings (Stealth+).
Your rubbery body absorbs attacks. (AC +1, EV +1)
((You are camouflaged when in or above water. (Stealth+)))
You have tentacles for arms and can constrict up to eight enemies at once.


Message History

J - 6 potions of curing {@q1} (gained 1)
You see here a +0 club.
You now have 81 gold pieces (gained 4).
Things that are here:
a +0 short sword; a +0 leather armour You now have 115 gold pieces (gained 34).
Items here: ))) [[[.
You start resting.
Health restored: 56 This spell is dangerous to cast!
Memorise Inner Flame, consuming 3 spell levels and leaving 8?
You start memorising the spell.
You continue memorising. x3
You finish memorising.
Spell assigned to 'c'.
Memorise Conjure Flame, consuming 3 spell levels and leaving 5?
You start memorising the spell.
You continue memorising. x3
You finish memorising.
Spell assigned to 'd'.
Things that are here:
a +0 short sword; a +0 leather armour You see here a +0 club.
You pick up a book of Changes and begin reading...
You add the spells Beastly Appendage, Wereblood and Spider Form to your library.
You see here a +0 ring mail.
A boulder beetle is nearby!
Aim: a boulder beetle (wandering, hasn't noticed you, chance to affect: 74%)
You feel a surge of power!
The boulder beetle is filled with an inner flame.
You now have 12/15 mp.
You feel a surge of power!
A wave of flame ripples out! (Press . to intensify the flame waves.)
You now have 8/15 mp.
A wave of flame ripples out!
The flame wave engulfs the boulder beetle.
Flame seeps out of the boulder beetle.
The boulder beetle is engulfed in blazing flames.
Flame seeps out of the boulder beetle.
The boulder beetle closely misses you.
You now have 7/15 mp.
A wave of flame ripples out!
The flame wave engulfs the boulder beetle.
Flame seeps out of the boulder beetle.
You finish channelling waves of flame.
The boulder beetle is engulfed in blazing flames.
Flame seeps out of the boulder beetle.
The boulder beetle bites you.
You take 3 damage, and have 53/56 hp.
You now have 6/15 mp.
The boulder beetle is engulfed in blazing flames.
Flame seeps out of the boulder beetle.
The boulder beetle barely misses you.
You feel a surge of power!
A wave of flame ripples out!
The flame wave engulfs the boulder beetle but does no damage. (Press . to intensify the flame waves.)
The boulder beetle barely misses you.
You now have 2/15 mp.
A wave of flame ripples out!
The flame wave engulfs the boulder beetle!
Flame seeps out of the boulder beetle.
The boulder beetle is engulfed in blazing flames.
Flame seeps out of the boulder beetle.
The boulder beetle bites you!!
You take 26 damage, and have 28/56 hp.
MASSIVE DAMAGE!!
You hit the boulder beetle but do no damage.
Your +0 spectral short sword hits the boulder beetle but does no damage.
The boulder beetle bites you.
You take 6 damage, and have 22/56 hp.
You hit the boulder beetle but do no damage.
Your squeeze misses the boulder beetle.
Your +0 spectral short sword hits the boulder beetle but does no damage.
The boulder beetle is engulfed in blazing flames.
Flame seeps out of the boulder beetle.
The boulder beetle bites you.
You take 5 damage, and have 17/56 hp.
You barely miss the boulder beetle.
Your +0 spectral short sword hits the boulder beetle but does no damage.
The boulder beetle barely misses you. The boulder beetle closely misses you.
You hit the boulder beetle but do no damage.
Flame seeps out of the boulder beetle.
You squeeze the boulder beetle.
Your +0 spectral short sword hits the boulder beetle but does no damage.
The boulder beetle bites you!
* * * LOW HITPOINT WARNING * * *
You take 13 damage, and have 4/56 hp.
MASSIVE DAMAGE!!
You feel much better. The boulder beetle barely misses you.
You regained 15 hp, and now have 19/56 hp.
You feel much better.
The boulder beetle bites you but does no damage.
You regained 24 hp, and now have 43/56 hp.
You hit the boulder beetle but do no damage.
Your +0 spectral short sword hits the boulder beetle.
Flame seeps out of the boulder beetle.
The boulder beetle is engulfed in blazing flames.
Flame seeps out of the boulder beetle.
The boulder beetle closely misses you.
You hit the boulder beetle but do no damage.
Flame seeps out of the boulder beetle.
You squeeze the boulder beetle.
Your +0 spectral short sword hits the boulder beetle.
Flame seeps out of the boulder beetle.
The boulder beetle bites you!!
You take 18 damage, and have 25/56 hp.
MASSIVE DAMAGE!!
Okay, then.
You hit the boulder beetle but do no damage.
Your +0 spectral short sword hits the boulder beetle but does no damage.
The boulder beetle is engulfed in blazing flames.
Flame seeps out of the boulder beetle.
The boulder beetle bites you!!
Ouch! That really hurt!
You die...
Your body crumbles into a pile of gold.

#....# #.# #..### #.#
###..# #.# ### ..#..#
.....#..# #...#..#
####.##..####
#..<........######
#.##.....(B@.....#
#.###.#####..##.####.#
#............##.# #.#
###.......$.###.# #.#
.....#.####### #.# #[#
..>....# #.# #.#
......## #.# #.#
#####. #.# #.# #. #.#
#.#


You could see a boulder beetle (inner flame) and a friendly +0 spectral short
sword (summoned).

Vanquished Creatures
  Prince Ribbit (D:8)
  5 steam dragons
  Edmund (D:5)
  2 water moccasins
  2 sky beasts
  3 black bears
  2 centaurs
  A phantom (D:6)
  4 lemures
  Blork the orc (D:5)
  A kobold brigand (Sewer)
  2 bullfrogs
  A gnoll sergeant (D:7)
  A necrophage (D:5)
  3 scorpions
  4 killer bees (D:5)
  2 hounds
  An orc priest (D:3)
  An iguana (D:6)
  4 orc wizards
  7 adders
  12 gnolls
  6 river rats (Sewer)
  An ufetubus (D:7)
  A worm (D:2)
  2 dart slugs
  9 orcs
  6 ball pythons
  5 endoplasms
  5 giant cockroaches
  8 hobgoblins
  10 jackals
  12 quokkas
  7 bats
  A frilled lizard (D:2)
  2 goblins
  7 kobolds
  6 rats
149 creatures vanquished.

Vanquished Creatures (collateral kills)
  14 foxfires (Sewer)
14 creatures vanquished.

Vanquished Creatures (others)
  2 orcs (D:3)
  420 foxfires
  14 plants (Sewer)
436 creatures vanquished.

Grand Total: 599 creatures vanquished

Notes
Turn   | Place    | Note
-------+----------+-------------------------------------------
     0 | D:1      | sokol815 the Octopode Fire Elementalist began the quest for
                  | the Orb.
     0 | D:1      | Reached XP level 1. HP: 11/11 MP: 3/3
    36 | D:1      | Reached skill level 3 in Stealth
    42 | D:1      | Reached skill level 1 in Fighting
    42 | D:1      | Reached XP level 2. HP: 10/18 MP: 0/5
   300 | D:1      | Found Fuosol's Jewellery Shop.
   377 | D:1      | Found Zaskose's Weapon Shop.
   484 | D:1      | Found Wipury's Antique Weapon Shoppe.
   685 | D:1      | Found Mamuyral's General Store.
   694 | D:1      | Bought a potion of degeneration for 13 gold pieces
   981 | D:2      | Reached XP level 3. HP: 23/23 MP: 1/6
  1033 | D:2      | Reached skill level 1 in Short Blades
  1176 | D:2      | Reached skill level 4 in Stealth
  1693 | D:3      | Reached skill level 2 in Fighting
  1739 | D:3      | Found a faded altar of an unknown god.
  1745 | D:3      | Reached XP level 4. HP: 22/29 MP: 7/7
  1938 | D:3      | Identified the +2 ring mail of Contentment {rC+ Dex+5}
  2514 | D:3      | Reached skill level 1 in Maces & Flails
  2517 | D:3      | Reached XP level 5. HP: 21/35 MP: 3/8
  2526 | D:3      | Reached skill level 5 in Stealth
  3258 | D:4      | Found an ancient bone altar of Kikubaaqudgha.
  3402 | D:4      | Found a glowing drain.
  3406 | Sewer    | Entered a sewer
  3443 | Sewer    | Reached skill level 2 in Maces & Flails
  3501 | Sewer    | Reached skill level 3 in Fighting
  3747 | Sewer    | Reached XP level 6. HP: 42/42 MP: 6/9
  3876 | Sewer    | Reached skill level 6 in Stealth
  3957 | Sewer    | Reached skill level 2 in Conjurations
  4353 | D:4      | Learned a level 4 spell: Flame Wave
  5123 | D:5      | Entered Level 5 of the Dungeon
  5207 | D:5      | Reached skill level 4 in Fire Magic
  5251 | D:5      | Reached skill level 3 in Conjurations
  5251 | D:5      | Reached XP level 7. HP: 46/46 MP: 6/10
  5267 | D:5      | HP: 11/46 [poisoned by a killer bee]
  5272 | D:5      | HP: 5/46 [poisoned by a killer bee]
  5680 | D:5      | Reached skill level 4 in Conjurations
  5680 | D:5      | Reached skill level 5 in Fire Magic
  5774 | D:5      | Noticed Blork the orc
  5779 | D:5      | Killed Blork the orc
  5838 | D:5      | Reached XP level 8. HP: 35/52 MP: 3/11
  6192 | D:5      | Noticed Edmund
  6634 | D:6      | Reached skill level 5 in Conjurations
  6688 | D:6      | Found a glowing silver altar of Zin.
  6734 | D:6      | Found a white marble altar of Elyvilon.
  6798 | D:6      | Reached skill level 6 in Fire Magic
  7023 | D:6      | Found a shadowy altar of Dithmenos.
  7356 | D:6      | Reached skill level 6 in Conjurations
  7455 | D:6      | Found a glowing golden altar of the Shining One.
  7485 | D:6      | Found a basalt altar of Yredelemnul.
  7779 | D:6      | Reached skill level 7 in Fire Magic
  7857 | D:5      | Killed Edmund
  7858 | D:5      | Reached XP level 9. HP: 56/56 MP: 2/12
  8038 | D:5      | Noticed Pikel
  8059 | D:4      | HP: 11/56 [lemure[Pikel] (6)]
  8469 | D:7      | Found a staircase to the Ecumenical Temple.
  8480 | D:7      | Reached skill level 7 in Conjurations
  8482 | Temple   | Entered the Ecumenical Temple
  8696 | Temple   | Became a worshipper of Gozag Ym Sagoz the Greedy
  8774 | D:7      | HP: 7/56 [black bear (9)]
  8774 | D:7      | HP: 1/56 [black bear (6)]
  9025 | D:7      | HP: 14/56 [steam dragon (6)]
  9027 | D:7      | HP: 4/56 [steam dragon (10)]
  9466 | D:7      | Noticed a four-headed hydra
  9513 | D:7      | Reached skill level 8 in Fire Magic
  9850 | D:7      | Reached skill level 8 in Conjurations
 10072 | D:7      | Reached skill level 3 in Spellcasting
 10502 | D:1      | Bought a +4 ring of protection for 432 gold pieces
 10634 | D:7      | Found a sacrificial altar of Ru.
 10928 | D:8      | Noticed Prince Ribbit
 10934 | D:8      | Killed Prince Ribbit
 10981 | D:8      | Noticed a boulder beetle
 11056 | D:8      | Noticed Gastronok
 11209 | D:8      | Reached skill level 4 in Spellcasting
 11215 | D:8      | Reached skill level 9 in Fire Magic
 11360 | D:8      | Learned a level 3 spell: Inner Flame
 11364 | D:8      | Learned a level 3 spell: Conjure Flame
 11405 | D:8      | HP: 4/56 [boulder beetle (14)]
 11410 | D:8      | Slain by a boulder beetle

Illustrated notes

Levels and vault maps discovered:
D:1:      minmay_arrival_up_and_down, layout_basic, serial_shops, shop_coins,
          shop, shop, nicolae_shop_hallway_stairs
D:2:      layout_rooms, serial_bayou_pond_e
D:3:      layout_basic, hellmonk_ecumenical_altar_zigzags, lemuel_old_faithful
D:4:      layout_basic, kiku_gazebo_pond_becter, gup_sewer_entry_bowl
D:5:      layout_loops_ring, uniq_blork_the_orc, uniq_pikel, uniq_edmund
D:6:      layout_basic, kennysheep_ying_yang,
          mainiacjoe_overflow_catwalk_spiral, mainiacjoe_overflow_alcove_2,
          kennysheep_pointless_box
D:7:      layout_cave_pods, lemuel_tele_altar, minmay_temple_entry_ruins
D:8:      layout_loops_ring, kb_rosetta, uniq_prince_ribbit1, uniq_gastronok
Temple:   nicolae_temple_figure_eight

Skill      XL: |  1  2  3  4  5  6  7  8  9 |
---------------+----------------------------+-----
Stealth        | 3 4 5 6 |  6.0
Fighting       | 1 2 3 |  3.0
Short Blades   | 1 |  1.2
Maces & Flails | 1 2 |  2.0
Conjurations   | 3 4 6 8 |  8.0
Fire Magic     | 4 5 7 9 |  9.0
Spellcasting   | 4 |  4.0
Dodging        | |  2.0

Action                   |  1- 3 |  4- 6 |  7- 9 || total
-------------------------+-------+-------+-------++-------
Melee: Unarmed           |    14 |       |       ||    14
       Constrict         |    14 |    16 |     8 ||    38
       Tentacles         |    11 |    20 |    17 ||    48
       Short sword       |    33 |     1 |    46 ||    80
       Whip              |     7 |    27 |     8 ||    42
       Staff             |       |    34 |     1 ||    35
       Punch             |       |       |     1 ||     1
       Flail             |       |       |    15 ||    15
Throw: Stone             |     5 |       |       ||     5
 Cast: Foxfire           |    28 |    85 |   134 ||   247
       Flame Wave        |       |       |    10 ||    10
       Inner Flame       |       |       |     1 ||     1
  Use: Scroll            |     4 |     6 |     8 ||    18
       Potion            |       |     1 |     3 ||     4
 Stab: Sleeping          |    10 |     5 |     3 ||    18
       Distracted        |       |       |     1 ||     1
Armor: Skin              |    12 |     1 |    11 ||    24
Dodge: Dodged            |    40 |    27 |    69 ||   136

Table legend: (Time is in decaauts)
 A = Elapsed time spent in this place.
 B = Non-inter-level travel time spent in this place.
 C = Inter-level travel time spent in this place.
 D = Time resting spent in this place.
 E = Time spent auto-exploring this place.
 F = Levels seen in this place.
 G = Mean time per level.
                   A        B        C        D        E       F      G
               +--------+--------+--------+--------+--------+-----+--------+
         Total |  11434 |  10599 |    835 |   3045 |   5781 |  10 | 1143.4 |
       Dungeon |  10256 |   9440 |    816 |   2957 |   4973 |   8 | 1282.0 |
        Temple |    233 |    214 |     19 |      0 |    210 |   1 |  233.0 |
         Sewer |    943 |    943 |      0 |     88 |    598 |   1 |  943.0 |
               +--------+--------+--------+--------+--------+-----+--------+

Top non-repeatable levels by time:
     D:6: 1949 daAuts
     D:5: 1725 daAuts
     D:7: 1503 daAuts
     D:3: 1463 daAuts
     D:4: 1154 daAuts
     D:2: 1096 daAuts
   Sewer: 943 daAuts
     D:1: 899 daAuts
     D:8: 463 daAuts
  Temple: 233 daAuts

Table legend:
 A = Kills in this place as a percentage of kills in entire the game.
 B = Kills by you in this place as a percentage of kills by you in the entire game.
 C = Kills by friends in this place as a percentage of kills by friends in the entire game.
 D = Other kills in this place as a percentage of other kills in the entire game.
 E = Experience gained in this place as a percentage of experience gained in the entire game.
 F = Experience gained in this place divided by the number of levels of this place that you have seen.
                   A       B       C       D       E      F
               +-------+-------+-------+-------+-------+----------------------
         Total | 100.0 | 100.0 |   N/A |   N/A | 100.0 | 444.0
       Dungeon |  84.1 |  84.1 |   N/A |   N/A |  94.7 | 525.8
         Sewer |  15.9 |  15.9 |   N/A |   N/A |   5.3 | 234.0
               +-------+-------+-------+-------+-------+----------------------
